 Dungeon Crawl Stone Soup version 0.31-a0-1005-gfbdfbac (webtiles) character file.

Game seed: 8244473880536151813

28 Partyfoot the Shield-Bearer (level 3, -6/30 HPs)
             Began as a Formicid Fighter on Nov 11, 2023.
             Mangled by Sigmund
             ... wielding a +0 scythe
              (9 damage)
             ... on level 2 of the Dungeon.
             The game lasted 00:02:13 (648 turns).

Partyfoot the Shield-Bearer (Formicid Fighter)       Turns: 648, Time: 00:02:13

Health: -6/30      AC:  8    Str: 22    XL:     3   Next: 30%
Magic:  3/3        EV:  9    Int:  7    God:
Gold:   33         SH:  5    Dex: 13    Spells: 2/2 levels left

rFire   . . .        a - +0 quarterstaff
rCold   . . .        c - +0 buckler
rNeg    . . .        b - +0 scale mail
rPois   .            (helmet unavailable)
rElec   .            (no cloak)
rCorr   .            f - +0 pair of gloves
SInv    +            (no boots)
Will    .....        (no amulet) Stlth
                     (no ring)
HPRegen 0.25/turn    (no ring)
MPRegen 0.08/turn

%: no passive effects
@: no status effects
A: permanent stasis, dig shafts and tunnels, antennae 3, four strong arms
a: Dig, Shaft Self


You were on level 2 of the Dungeon.
You visited 1 branch of the dungeon, and saw 2 of its levels.

You collected 75 gold pieces.
You spent 42 gold pieces at shops.

Inventory:

Hand Weapons
 a - a +0 quarterstaff (weapon)
Missiles
 h - 7 stones
Armour
 b - a +0 scale mail (worn)
 c - a +0 buckler (worn)
 f - a +0 pair of gloves (worn)
Scrolls
 g - a scroll of acquirement {unknown}
 k - a scroll of enchant weapon {unknown}
Potions
 d - a potion of might
 e - 3 potions of curing
 i - a potion of attraction {unknown}
 j - a potion of enlightenment {unknown}


   Skills:
 + Level 3.6 Fighting
 + Level 2.4 Staves
 + Level 3.6 Armour
 + Level 4.4 Shields


You had 2 spell levels left.
You didn't know any spells.
Your spell library was empty.

Dungeon Overview and Level Annotations

Branches:
Dungeon (2/15)

Altars:

Shops:
D:1 !!

Annotations:
D:2 Sigmund


Innate Abilities, Weirdness & Mutations

You cannot be hasted, slowed, berserked, paralysed or teleported.
You can dig through walls and to a lower floor.
You have a pair of large antennae on your head. (SInv)
Your four strong arms can wield two-handed weapons with a shield.


Message History

Sigmund is moderately wounded.
Sigmund barely misses you.
You closely miss Sigmund.
Sigmund is moderately wounded.
Sigmund hits you but does no damage.
You barely miss Sigmund.
Sigmund is moderately wounded.
Sigmund hits you with a +0 scythe!
You sock Sigmund!
Sigmund is severely wounded.
Sigmund barely misses you.
You sock Sigmund!
Sigmund is almost dead.
You barely miss Sigmund.
Sigmund is almost dead.
You block Sigmund's attack.
You closely miss Sigmund.
Sigmund is almost dead.
Sigmund points at you and mumbles some strange words.
The puff of flame hits you but does no damage.
You closely miss Sigmund.
Sigmund is almost dead.
Sigmund points at you and mumbles some strange words.
The puff of flame hits you!
* * * LOW HITPOINT WARNING * * *
Sigmund hits you but does no damage.
You hit Sigmund but do no damage.
Sigmund is almost dead.
You barely miss Sigmund.
Sigmund is almost dead.
Sigmund closely misses you.
You hit Sigmund but do no damage.
Sigmund is almost dead.
Sigmund hits you with a +0 scythe.
* * * LOW HITPOINT WARNING * * *
You closely miss Sigmund.
Sigmund is almost dead.
Sigmund hits you with a +0 scythe!
You die...
Sigmund begins carving another notch in his scythe.

.....#..#...#.#...####
#............<##
....##..##.##..†.# ##.
#.#.#.#....## #
#.##...##.## #.
##.###.# #.###)###.#
#.#.....#.#
..#@#.#.#.#
#.....@.......#
##.####.#.#.###
#.....# ....### #####


You could see Sigmund.

Vanquished Creatures
  2 ball pythons (D:1)
  An endoplasm (D:1)
  3 goblins
  4 hobgoblins (D:1)
  7 jackals
  2 bats (D:1)
  A frilled lizard (D:1)
  5 rats
25 creatures vanquished.

Notes
Turn   | Place    | Note
-------+----------+-------------------------------------------
     0 | D:1      | Partyfoot the Formicid Fighter began the quest for the Orb.
     0 | D:1      | Reached XP level 1. HP: 18/18 MP: 1/1
    64 | D:1      | Reached XP level 2. HP: 24/24 MP: 2/2
   279 | D:1      | Found Mareajub's Distillery.
   354 | D:1      | Found Voytavoo's Distillery.
   426 | D:1      | Reached XP level 3. HP: 29/29 MP: 3/3
   591 | D:1      | Bought a potion of curing for 42 gold pieces
   627 | D:2      | Noticed Sigmund
   648 | D:2      | Mangled by Sigmund

Illustrated notes

Levels and vault maps discovered:
D:1:      ncdulo_lavacross, layout_rooms, serial_shops, shop,
          nicolae_shop_just_a_little_nook, minmay_misc_feat_five
D:2:      layout_loops_ring, basic_altar, uniq_sigmund, uniq_jessica

Action                     || total
---------------------------++-------
  Melee: Quarterstaff      ||    83
 Armour: Scale mail        ||    62
  Dodge: Dodged            ||    53
  Block: Buckler           ||    20

Table legend: (Time is in decaauts)
 A = Elapsed time spent in this place.
 B = Non-inter-level travel time spent in this place.
 C = Inter-level travel time spent in this place.
 D = Time resting spent in this place.
 E = Time spent auto-exploring this place.
 F = Levels seen in this place.
 G = Mean time per level.
                   A        B        C        D        E       F      G
               +--------+--------+--------+--------+--------+-----+--------+
         Total |    665 |    605 |     60 |     43 |    385 |   2 |  332.5 |
       Dungeon |    665 |    605 |     60 |     43 |    385 |   2 |  332.5 |
               +--------+--------+--------+--------+--------+-----+--------+

Top non-repeatable levels by time:
     D:1: 609 daAuts
     D:2: 56 daAuts
